 Dungeon Crawl Stone Soup version 0.27-a0-931-g5a74e75d8f (webtiles) character file.

Game seed: 17016151099963773984

47079 polve the Transmogrifier (level 14, -6/108 HPs)
             Began as a Pale Draconian Transmuter on Apr 10, 2021.
             Killed from afar by a deep elf zephyrmancer (24 damage)
             ... with a bolt of lightning
             ... summoned by a worldbinder
             ... on level 4 of the Abyss.
             The game lasted 00:32:35 (20396 turns).

polve the Transmogrifier (DrTm)                    Turns: 20396, Time: 00:32:36

Health: -6/108     AC: 14    Str: 14    XL:     14   Next: 7%
Magic:  12/13      EV: 16    Int: 18    God:
Gold:   1054       SH:  0    Dex: 13    Spells: 4/17 levels left

rFire    . . .     SeeInvis .     - Unarmed
rCold    . . .     Faith    .   (no shield)
rNeg     . . .     Spirit   .   (armour unavailable)
rPois    .         Reflect  .   (helmet restricted)
rElec    .         Harm     .   x - scarf {repulsion}
rCorr    .         Rampage  .   O - +1 pair of gloves
Will     +....     Rnd*Rage +   (no boots)
Stlth    +.........             Y - amulet of regeneration
HPRegen  0.00/turn              c - +4 ring of slaying
MPRegen  0.13/turn              t - +4 ring of protection

@: about to teleport, on berserk cooldown, non-regenerating, mildly diseased,
hasted and slowed, repel missiles
A: breathe steam, AC +8, unfitting armour, cold-blooded, steam resistance, agile
1, [berserk 2], [frail 1], low mp 1[+1]
a: Breathe Steam


You were on level 4 of the Abyss.
You visited 3 branches of the dungeon, and saw 18 of its levels.
You visited the Abyss 1 time.

You collected 1054 gold pieces.

Inventory:

Hand Weapons
 a - the +9 bardiche "Torph" {flame, rC+ Int+4 Stlth+}
   (You found it on level 3 of the Lair of Beasts)

   It has been specially enchanted to burn those struck by it, causing extra
   injury to most foes and up to half again as much damage against particularly
   susceptible opponents.
   Big, fiery blades are also staple armaments of hydra-hunters.
   It affects your intelligence (+4).
   It protects you from cold.
   It makes you more stealthy.
Missiles
 k - 2 curare-tipped darts
 y - 3 atropa-tipped darts
 C - 5 throwing nets
Armour
 x - a scarf of repulsion (worn)
 O - a +1 pair of gloves (worn)
Jewellery
 c - a +4 ring of slaying (left hand)
 e - a ring of flight
 j - a ring of protection from fire
 m - a ring of see invisible
 t - a +4 ring of protection (right hand)
 W - a ring of protection from fire
 Y - an amulet of regeneration (around neck)
Wands
 h - a wand of paralysis (23)
 A - a wand of iceblast (23)
 E - a wand of flame (98)
 J - a wand of digging (10)
 L - a wand of charming (21)
 P - a wand of mindburst (11)
 R - a wand of acid (23)
Scrolls
 b - a scroll of torment {unknown}
 d - 2 scrolls of blinking
 f - 5 scrolls of magic mapping
 g - 3 scrolls of amnesia
 i - a scroll of fear {unknown}
 l - 3 scrolls of immolation
 r - a scroll of fog {unknown}
 v - a scroll of acquirement {unknown}
 w - a scroll of brand weapon {unknown}
 F - 4 scrolls of enchant armour
 K - a scroll of holy word {unknown}
 M - 2 scrolls of teleportation
 T - 2 scrolls of enchant weapon
Potions
 o - 2 potions of magic
 p - 4 potions of curing
 q - a potion of berserk rage
 s - a potion of invisibility {unknown}
 u - a potion of lignification {unknown}
 z - 3 potions of brilliance
 G - 4 potions of cancellation
 H - a potion of attraction {unknown}
 I - 10 potions of ambrosia
 N - a potion of flight {unknown}
 Q - a potion of haste
 V - 4 potions of might
 X - a potion of resistance
 Z - a potion of heal wounds


   Skills:
 - Level 10.0 Fighting
 - Level 10.0 Dodging
 - Level 12.0 Unarmed Combat
 - Level 2.0 Spellcasting
 - Level 4.0 Hexes
 - Level 6.0 Translocations
 + Level 14.8 Transmutations


You had 4 spell levels left.
You knew the following spells:

 Your Spells              Type           Power      Damage    Failure   Level
a - Beastly Appendage     Tmut           100%       N/A       1%          1
b - Wereblood             Tmut           53%        N/A       1%          2
c - Spider Form           Tmut/Pois      14%        N/A       2%          3
d - Hydra Form            Tmut           26%        N/A       1%          5
o - Corona                Hex            17%        N/A       3%          1
t - Apportation           Tloc           46%        N/A       1%          1

Your spell library contained the following spells:

 Spells                   Type           Power      Damage    Failure   Level
 Gell's Gravitas          Tloc           11%        N/A       4%          3
 Slow                     Hex            16%        N/A       5%          2
 Portal Projectile        Hex/Tloc       38%        N/A       7%          3
 Ice Form                 Ice/Tmut       28%        N/A       9%          4
 Petrify                  Tmut/Erth      28%        N/A       9%          4
 Confusing Touch          Hex            16%        N/A       11%         3
 Animate Skeleton         Necr           2%         N/A       19%         1
 Summon Small Mammal      Summ           4%         N/A       19%         1
 Inner Flame              Hex/Fire       9%         N/A       24%         3
 Cause Fear               Hex            8%         N/A       34%         4
 Leda's Liquefaction      Hex/Erth       4%         N/A       61%         4
 Yara's Violent Unravell  Hex/Tmut       17%        3d8       11%         5
 Metabolic Englaciation   Hex/Ice        4%         N/A       91%         5


Dungeon Overview and Level Annotations

Branches:
Dungeon (11/15)            Temple (1/1) D:5            Lair (6/6) D:11
  Swamp (0/4) Lair:4       Spider (0/4) Lair:2        Slime (0/5) Lair:6
    Orc (0/2) D:10

Altars:
Ashenzari
Cheibriados
Dithmenos
Elyvilon
Fedhas
Gozag
Hepliaklqana
Kikubaaqudgha
Makhleb
Nemelex Xobeh
Okawaru
Qazlal
Ru
Sif Muna
Trog
Uskayaw
Vehumet
Wu Jian
Xom
Yredelemnul
Zin
The Shining One

Shops:
D:2 =   D:10 (

Annotations:
Lair:6 Sonja


Innate Abilities, Weirdness & Mutations

You can breathe blasts of scalding, opaque steam.
Your pale cyan-grey scales are hard. (AC +8)
You cannot fit into any form of body armour.
You are cold-blooded and may be slowed by cold attacks.
You are immune to the effects of steam.
You are agile. (Dex +2)
[You often lose your temper in combat.]
[You are frail. (-10% HP)]
[Your magical capacity is very low. (-20% MP)]


Message History

You begin to regenerate regardless of the presence of monsters.
You feel more energetic.
You feel robust. The ancient zyme closely misses you.
The ancient zyme hits you. The ancient zyme hits you! x2
The worldbinder calls forth creatures from the Elven Halls!
Found a shimmering blue altar of Sif Muna.
You gouge the ancient zyme!!
You destroy the ancient zyme!
The deep elf knight unwields a +0 scimitar.
The deep elf knight wields a +0 shortbow.
The deep elf knight shoots an arrow.
The arrow hits you!
The deep elf archer blinks!
A small abomination comes into view.
The deep elf pyromancer casts a spell.
The deep elf pyromancer blinks!
Your transformation has ended.
Your scarf of repulsion unmelds from your body.
Your +1 pair of gloves unmelds from your body.
You are surrounded by a repulsion field.
The worldbinder completely misses you. The worldbinder closely misses you.
As you read the scroll of teleportation, it crumbles to dust.
You feel strangely unstable.
You feel the power of the Abyss delaying your translocation!
The worldbinder hits you.
* * * LOW HITPOINT WARNING * * *
The worldbinder barely misses you. The worldbinder closely misses you.
The worldbinder hits you!
* * * LOW HITPOINT WARNING * * *
The worldbinder calls forth creatures from the Elven Halls!
You feel yourself speed up.
The deep elf knight disappears in a puff of smoke!
The worldbinder completely misses you. The worldbinder hits you!
* * * LOW HITPOINT WARNING * * *
The deep elf archer blinks!
The deep elf zephyrmancer misses you.
The worldbinder hits you but does no damage.
The worldbinder misses you.
The deep elf archer disappears in a puff of smoke!
The deep elf zephyrmancer points at you and mumbles some strange words.
The bolt of lightning misses you. The bolt of lightning hits you!!
You die...

.. .#.. #.
.. .#. ....
.. . ... # #
##...# §.###
# .##
.##.#...# .
#.#..... #
#. .##.###
...
[#...#.####
# .
.##.##@.x§#
.##
##....#.## #
.
##...e##..#
#
....###...e#
#...#
#.#..._#
#.#. #.
#.e...# # .
# .....x .
#....# ..###


You could see a worldbinder and a deep elf zephyrmancer (summoned).

Vanquished Creatures
  2 tentacled starspawn (Abyss:4)
  Josephine (Lair:4)
  Harold (D:7)
  A centaur warrior (D:11)
  A catoblepas (Lair:2)
  2 hydras
  A two-headed ogre (D:10)
  A thrashing horror (Abyss:3)
  Urug (Lair:3)
  2 wretched stars (Abyss:4)
  Pikel (D:8)
  A manticore (Lair:6)
  A cyclops (D:11)
  6 elephants
  Joseph (D:7)
  5 black mambas
  15 cane toads
  A gargoyle (D:11)
  A large abomination (Abyss:4)
  Psyche (D:8)
  3 kobold demonologists (D:10)
  An unseen horror (D:9)
  9 komodo dragons
  3 rime drakes
  An ancient zyme (Abyss:4)
  3 trolls (D:10)
  A jumping spider (Lair:2)
  A queen bee (Lair:2)
  2 polar bears
  3 hornets
  Prince Ribbit (D:8)
  A fire dragon zombie (Abyss:4)
  10 blink frogs
  A flying skull (Abyss:4)
  Sigmund (D:2)
  3 wraiths (Lair:4)
  2 redbacks (Lair:2)
  A basilisk (Lair:2)
  34 yaks
  4 wyverns
  2 steam dragons
  18 water moccasins
  Edmund (D:6)
  Duvessa (D:7)
  An acid dragon (D:11)
  2 orc warriors
  A hornet zombie (D:5)
  4 ogres
  3 ice beasts
  3 black bears
  3 necrophages
  6 centaurs
  12 wolves
  2 lemures (D:8)
  3 phantoms
  3 kobold brigands
  11 bullfrogs
  A wyvern zombie (D:6)
  A water moccasin zombie (D:5)
  2 gnoll sergeants (D:8)
  5 scorpions
  Dowan (D:7)
  35 killer bees
  10 howler monkeys
  8 wights
  An electric eel (Lair:4)
  4 centaur zombies
  3 orc priests
  4 gnoll shamans
  4 hounds
  A jelly (D:7)
  Crazy Yiuf (D:4)
  2 centaur skeletons
  4 iguanas
  An iron imp (Abyss:2)
  8 orc wizards
  Jessica (D:3)
  Natasha (thrice) (D:2)
  A hound zombie (D:5)
  A hound skeleton (D:4)
  Robin (D:2)
  30 gnolls
  A howler monkey zombie (D:7)
  5 adders
  A white imp (D:6)
  2 ufetubi
  A worm (D:5)
  4 dart slugs
  31 orcs
  2 bats
  7 endoplasms
  3 giant cockroaches
  15 goblins
  11 hobgoblins
  3 quokkas
  4 ball pythons
  2 frilled lizards
  9 kobolds
  5 rats
  3 starspawn tentacles (Abyss:4)
449 creatures vanquished.

Vanquished Creatures (others)
  12 fungi
  46 plants
  3 starspawn tentacles (Abyss:4)
61 creatures vanquished.

Grand Total: 510 creatures vanquished

Notes
Turn   | Place    | Note
-------+----------+-------------------------------------------
     0 | D:1      | polve the Draconian Transmuter began the quest for the Orb.
     0 | D:1      | Reached XP level 1. HP: 16/16 MP: 3/3
   558 | D:1      | Reached XP level 2. HP: 23/24 MP: 5/5
   817 | D:2      | Noticed Sigmund
   853 | D:2      | Found Suemin's Jewellery Boutique.
   853 | D:2      | Noticed a necrophage
   946 | D:2      | Killed a necrophage
   947 | D:2      | Reached XP level 3. HP: 18/31 MP: 6/6
   947 | D:2      | Reached XP level 4. HP: 22/38 MP: 7/7
  1079 | D:2      | Noticed Natasha
  1145 | D:1      | Gained mutation: [Your magical capacity is low. (-10% MP)]
                  | [potion of mutation]
  1145 | D:1      | Gained mutation: You are agile. (Dex +2) [potion of
                  | mutation]
  1394 | D:2      | Found a faded altar of an unknown god.
  1561 | D:2      | Noticed Robin
  1564 | D:2      | Reached XP level 5. HP: 33/46 MP: 7/7
  1839 | D:2      | Killed Sigmund
  1840 | D:2      | Reached skill level 5 in Unarmed Combat
  1840 | D:2      | Reached XP level 6. HP: 39/55 MP: 8/8
  1912 | D:2      | Killed Robin
  2017 | D:2      | Killed Natasha
  2018 | D:2      | Reached skill level 5 in Fighting
  2028 | D:2      | Noticed Natasha
  2039 | D:2      | Killed Natasha
  2194 | D:2      | Noticed Natasha
  2205 | D:2      | Killed Natasha
  2316 | D:3      | Noticed Jessica
  2323 | D:3      | Killed Jessica
  2541 | D:3      | Found a white marble altar of Elyvilon.
  2721 | D:3      | Found a basalt altar of Yredelemnul.
  2722 | D:3      | Found a burning altar of Makhleb.
  2815 | D:4      | Your scales start taking on a pale cyan-grey colour.
  2815 | D:4      | Reached XP level 7. HP: 47/62 MP: 9/9
  2815 | D:4      | Gained mutation: You are immune to the effects of steam.
                  | [Pale Draconian growth]
  3349 | D:4      | Found a runed translucent door.
  3350 | D:4      | Noticed Crazy Yiuf
  3750 | D:4      | Killed Crazy Yiuf
  3779 | D:5      | Entered Level 5 of the Dungeon
  3779 | D:5      | Found a staircase to the Ecumenical Temple.
  3926 | D:5      | Reached XP level 8. HP: 61/73 MP: 9/9
  4345 | D:5      | Found a sacrificial altar of Ru.
  5397 | D:6      | You fall into a shaft and drop 3 floors!
  5595 | D:9      | Reached XP level 9. HP: 70/83 MP: 10/10
  6081 | D:9      | Killed an unseen horror
  6082 | D:9      | Reached skill level 10 in Fighting
  6082 | D:9      | Reached skill level 10 in Unarmed Combat
  6377 | D:8      | Identified the +4 morningstar of Sequestration {flame,
                  | rElec rPois rF+}
  6470 | D:8      | Noticed Pikel
  6489 | D:8      | Killed Pikel
  6630 | D:8      | Found a shimmering blue altar of Sif Muna.
  6694 | D:8      | Reached XP level 10. HP: 87/92 MP: 11/11
  7108 | D:8      | Noticed Psyche
  7118 | D:8      | Noticed Prince Ribbit
  7119 | D:8      | Killed Psyche
  7147 | D:8      | Killed Prince Ribbit
  7148 | D:8      | Reached skill level 3 in Transmutations
  7667 | D:7      | Noticed Dowan
  7668 | D:7      | Noticed Duvessa
  7684 | D:7      | Killed Duvessa
  7698 | D:7      | Killed Dowan
  7699 | D:7      | Reached skill level 4 in Transmutations
  7839 | D:7      | Reached skill level 5 in Transmutations
  8036 | D:7      | Noticed Joseph
  8050 | D:7      | Killed Joseph
  8051 | D:7      | Reached skill level 6 in Transmutations
  8602 | D:7      | Reached skill level 7 in Transmutations
  8738 | D:7      | Noticed Harold
  8752 | D:7      | Killed Harold
  8753 | D:7      | Reached skill level 8 in Transmutations
  9361 | D:6      | Learned a level 2 spell: Wereblood
  9365 | D:6      | Learned a level 3 spell: Spider Form
  9371 | D:6      | Learned a level 5 spell: Hydra Form
  9373 | D:6      | Learned a level 1 spell: Apportation
  9375 | D:6      | Learned a level 1 spell: Corona
  9524 | D:6      | Found a stormy altar of Qazlal.
  9601 | D:6      | Noticed Edmund
  9605 | D:6      | Killed Edmund
  9606 | D:6      | Reached XP level 11. HP: 97/98 MP: 12/12
  9894 | Temple   | Entered the Ecumenical Temple
 10116 | D:10     | Entered Level 10 of the Dungeon
 10216 | D:10     | Reached skill level 9 in Transmutations
 10375 | D:10     | Found a sparkling altar of Nemelex Xobeh.
 10665 | D:10     | Reached skill level 10 in Transmutations
 10837 | D:10     | Found a staircase to the Orcish Mines.
 10864 | D:10     | Found Loesusha's Antique Weapon Boutique.
 10867 | D:10     | Noticed a two-headed ogre
 10884 | D:10     | Killed a two-headed ogre
 10976 | D:10     | Found an iron altar of Okawaru.
 11077 | D:10     | Found a glowing silver altar of Zin.
 11168 | D:10     | Found a shadowy altar of Dithmenos.
 11169 | D:10     | Found a hazy altar of Hepliaklqana.
 11249 | D:10     | Reached skill level 11 in Transmutations
 11782 | D:11     | Reached skill level 1 in Hexes
 11782 | D:11     | Reached skill level 1 in Translocations
 12758 | D:11     | Found a staircase to the Lair.
 12762 | D:11     | Noticed a centaur warrior
 12771 | D:11     | Killed a centaur warrior
 13300 | Lair:1   | Entered Level 1 of the Lair of Beasts
 13703 | Lair:1   | Reached skill level 5 in Dodging
 13703 | Lair:1   | Reached XP level 12. HP: 106/106 MP: 9/13
 15102 | Lair:2   | Found a hole to the Spider Nest.
 15257 | Lair:2   | Noticed a catoblepas
 15267 | Lair:2   | Killed a catoblepas
 15907 | Lair:3   | You fall into a shaft and drop 3 floors!
 15907 | Lair:6   | Entered Level 6 of the Lair of Beasts
 15995 | Lair:6   | Reached skill level 10 in Dodging
 16037 | Lair:6   | Reached skill level 5 in Translocations
 16065 | Lair:6   | Noticed Sonja
 16066 | Lair:6   | Noticed a dire elephant
 16257 | Lair:5   | Noticed an eight-headed hydra
 16334 | Lair:4   | Reached XP level 13. HP: 113/113 MP: 14/14
 16648 | Lair:4   | Found a staircase to the Swamp.
 17031 | Lair:3   | Identified the +9 bardiche "Torph" {flame, rC+ Int+4
                  | Stlth+}
 17146 | Lair:3   | Noticed Urug
 17162 | Lair:3   | Reached skill level 12 in Transmutations
 17166 | Lair:3   | Killed Urug
 18000 | Lair:4   | You fall into a shaft and drop 1 floor!
 18252 | Lair:4   | Noticed Josephine
 18269 | Lair:4   | Killed Josephine
 18326 | Lair:4   | You fall into a shaft and drop 1 floor!
 18623 | Lair:4   | Reached skill level 13 in Transmutations
 19199 | Lair:5   | Identified the +1 falchion of the Onslaught {vorpal, rElec
                  | Str+3}
 19983 | Lair:6   | Found a staircase to the Slime Pits.
 19996 | Lair:5   | Reached skill level 14 in Transmutations
 20094 | Lair:6   | Cast into level 2 of the Abyss (Sonja)
 20142 | Abyss:2  | Noticed a starcursed mass
 20252 | Abyss:4  | Noticed a white very ugly thing
 20299 | Abyss:4  | Noticed a tentacled starspawn
 20302 | Abyss:4  | Killed a tentacled starspawn
 20335 | Abyss:4  | Found a burning altar of Makhleb.
 20351 | Abyss:4  | Noticed a tentacled starspawn
 20364 | Abyss:4  | Killed a tentacled starspawn
 20365 | Abyss:4  | Reached XP level 14. HP: 121/121 MP: 10/15
 20388 | Abyss:4  | Found a shimmering blue altar of Sif Muna.
 20396 | Abyss:4  | Killed from afar by a deep elf zephyrmancer

Illustrated notes

Levels and vault maps discovered:
D:1:      dpeg_arrival_houses_and_road, layout_basic
D:2:      layout_rooms, basic_ecumenical_altar, serial_shops,
          nicolae_shop_window_shopping, uniq_natasha, uniq_sigmund, uniq_robin
D:3:      layout_basic, nicolae_overflow_crystal_walls,
          grunt_temple_overflow_open, minmay_pentomino_pile, uniq_jessica
D:4:      layout_rooms, uniq_crazy_yiuf_cottage
D:5:      layout_cave_pools, nicolae_ru_great_annihilating_truth,
          minmay_temple_entry_overgrown
D:6:      layout_loops_ring, nicolae_qazlal_eye_of_the_storm, uniq_edmund
D:7:      minmay_skewed_foursquare, layout_loops_ring, uniq_duvessa,
          uniq_joseph, uniq_harold
D:8:      layout_rooms, old_standard_altar, interstate_on_off,
          kennysheep_doodads, uniq_pikel, uniq_psyche, uniq_prince_ribbit1
D:9:      layout_cave_pools, chequers_serial_rivers_small_b
D:10:     layout_loops_cross, riverfiend_overflow_shadow_ancestor,
          lemuel_tele_altar, old_standard_altar, okawaru_altar_gauntlet_db,
          orc_0_dummy, serial_shops, nicolae_shop_temple_entry_statues_fountains
D:11:     layout_basic, lair_entry_dummy, hex_medium
Temple:   jpeg_temple_clearing
Lair:1:   layout_cave_pods
Lair:2:   layout_roguey [special_room_bee], spider_nest_entry_a,
          portal_ice_cave_rime, serial_bayou_shore_b, serial_bayou_shore_b,
          infiniplex_staircase_pool_2
Lair:3:   layout_regular_city, uniq_urug
Lair:4:   layout_regular_city, swamp_mist, serial_bayou_shore_a, uniq_josephine
Lair:5:   layout_gridlike
Lair:6:   gammafunk_lair_ancient_temple, layout_misc_corridors,
          minmay_slime_entry_pillars, gauntlet_entry_generic, uniq_sonja
Abyss:4:  base: D:11, evilmike_abyss_exit_15, evilmike_abyss_exit_mutagenic,
          bh_silent_lugonu_exit

Skill      XL: |  1  2  3  4  5  6  7  8  9 10 11 12 13 |
---------------+----------------------------------------+-----
Fighting       | 3 4 5 7 9 10 | 10.0
Unarmed Combat | 4 5 6 7 9 11 12 | 12.0
Transmutations | 8 11 14 | 14.8
Hexes          | 2 4 |  4.0
Translocations | 3 5 6 |  6.0
Dodging        | 5 10 | 10.0
Spellcasting   | |  2.0

Action                   |  1- 3 |  4- 6 |  7- 9 | 10-12 | 13-15 || total
-------------------------+-------+-------+-------+-------+-------++-------
Melee: Unarmed           |    63 |   129 |   323 |   485 |   247 ||  1247
       Punch             |     2 |     2 |     8 |    17 |       ||    29
       Kick              |     4 |     8 |    22 |    42 |       ||    76
       Tailslap          |     4 |     9 |    39 |    46 |     7 ||   105
       Headbutt          |     2 |     4 |    17 |    21 |       ||    44
       Bardiche          |       |       |       |       |     2 ||     2
 Cast: Beastly Appendage |     5 |     9 |    19 |    26 |       ||    59
       Hydra Form        |       |       |       |    16 |    23 ||    39
       Wereblood         |       |       |       |     7 |     8 ||    15
       Spider Form       |       |       |       |     1 |       ||     1
 Abil: Breathe Steam     |       |       |    11 |    34 |     3 ||    48
       End Transformatio |       |       |       |     2 |     2 ||     4
  Use: Potion            |       |     4 |       |     3 |     2 ||     9
       Scroll            |       |       |       |     8 |     8 ||    16
 Stab: Sleeping          |       |     2 |       |       |     1 ||     3
       Invisible         |       |       |     1 |       |       ||     1
       Paralysed         |       |       |     1 |       |       ||     1
       Distracted        |       |       |     1 |       |       ||     1
Armor: Skin              |    15 |    31 |   148 |   187 |    81 ||   462
Dodge: Dodged            |    36 |    69 |   186 |   292 |   144 ||   727
       Repelled          |       |       |       |     1 |       ||     1

Table legend: (Time is in decaauts)
 A = Elapsed time spent in this place.
 B = Non-inter-level travel time spent in this place.
 C = Inter-level travel time spent in this place.
 D = Time resting spent in this place.
 E = Time spent auto-exploring this place.
 F = Levels seen in this place.
 G = Mean time per level.
                   A        B        C        D        E       F      G
               +--------+--------+--------+--------+--------+-----+--------+
         Total |  20222 |  19366 |    856 |    234 |  16132 |  21 |  963.0 |
       Dungeon |  13057 |  12524 |    533 |      0 |  10546 |  11 | 1187.0 |
        Temple |    140 |    122 |     18 |      0 |    122 |   1 |  140.0 |
          Lair |   6727 |   6423 |    304 |    216 |   5333 |   6 | 1121.2 |
         Abyss |    297 |    297 |      0 |     17 |    131 |   3 |   99.0 |
               +--------+--------+--------+--------+--------+-----+--------+

Top non-repeatable levels by time:
    D:10: 1717 daAuts
     D:7: 1623 daAuts
  Lair:5: 1577 daAuts
    D:11: 1411 daAuts
  Lair:1: 1349 daAuts
     D:1: 1343 daAuts
     D:5: 1306 daAuts
     D:8: 1241 daAuts
  Lair:3: 1230 daAuts
  Lair:2: 1227 daAuts
     D:4: 1185 daAuts
  Lair:4: 1164 daAuts
     D:9: 1013 daAuts
     D:2: 935 daAuts
     D:6: 760 daAuts
